 Dungeon Crawl Stone Soup version 0.30.0-19-g36f170ea60 (webtiles) character file.

Game seed: 9200999363224555612

58 Groucho the Grasshopper (level 3, 0/18 HPs)
             Began as a Spriggan Warper on May 27, 2023.
             Slain by Grinder (3 damage)
             ... on level 2 of the Dungeon.
             The game lasted 00:11:00 (4829 turns).

Groucho the Grasshopper (Spriggan Warper)           Turns: 4829, Time: 00:11:01

Health: 0/18       AC:  3    Str:  7    XL:     3   Next: 75%
Magic:  8/8        EV: 18    Int: 16    God:
Gold:   84         SH:  0    Dex: 14    Spells: 1/8 levels left

rFire   . . .        a - +0 short sword
rCold   . . .        (no shield)
rNeg    . . .        b - +0 robe
rPois   .            (helmet restricted)
rElec   .            h - +0 cloak
rCorr   .            (gloves unavailable)
SInv    +            (boots unavailable)
Will    .....        (no amulet)
Stlth   ++           (no ring)
HPRegen 0.23/turn    (no ring)
MPRegen 0.11/turn

%: no passive effects
@: very quick
A: very small, no large weapons, unfitting armour, see invisible, speed 3
a: no special abilities


You were on level 2 of the Dungeon.
You visited 1 branch of the dungeon, and saw 3 of its levels.

You collected 84 gold pieces.

Inventory:

Hand Weapons
 a - a +0 short sword (weapon)
 p - a +0 dagger of venom
Missiles
 s - 10 poisoned darts (quivered)
Armour
 b - a +0 robe (worn)
 h - a +0 cloak (worn)
Scrolls
 c - 3 scrolls of blinking
 e - 2 scrolls of identify {unknown}
 f - a scroll of teleportation {unknown}
 i - a scroll of fog {unknown}
 j - a scroll of immolation {unknown}
 q - a scroll of vulnerability {unknown}
 r - a scroll of acquirement {unknown}
Potions
 g - a potion of brilliance {unknown}
 l - a potion of berserk rage {unknown}
 m - a potion of heal wounds {unknown}
 n - a potion of mutation {unknown}
 o - a potion of attraction {unknown}


   Skills:
 - Level 1.5 Fighting
 * Level 2.7 Short Blades
 - Level 1.0 Throwing
 * Level 3.8 Dodging
 * Level 2.4 Stealth
 + Level 3.2 Spellcasting
 * Level 4.9 Translocations
 + Level 0.4 Air Magic


You had one spell level left.
You knew the following spells:

 Your Spells              Type           Power      Damage    Failure   Level
a - Blink                 Tloc           36%        N/A       3%          2
b - Lesser Beckoning      Tloc           36%        N/A       3%          2
c - Teleport Other        Tloc           18%        N/A       7%          3

Your spell library contained the following spells:

 Spells                   Type           Power      Damage    Failure   Level
 Vhi's Electric Charge    Tloc/Air       22%        N/A       19%         3
 Manifold Assault         Tloc           18%        N/A       24%         4
 Inner Flame              Hex/Fire       2%         N/A       50%         3
 Yara's Violent Unravell  Hex/Tmut       1%         3d3       99%         5
 Enfeeble                 Hex            1%         N/A       100%        7


Dungeon Overview and Level Annotations

Branches:
Dungeon (3/15)

Altars:

Shops:
D:1 *

Annotations:
D:1 Pargi
D:2 Grinder


Innate Abilities, Weirdness & Mutations

You are very small and have problems with some larger weapons.
You are too small for most types of armour.
You have supernaturally acute eyesight. (SInv)
You cover ground extremely quickly. (Speed+++)


Message History

You barely miss the orc.
The orc is almost dead.
The orc misses you.
You hit the orc.
You kill the orc!
Things that are here:
a +0 hand axe; a +0 leather armour; an orc corpse You start resting.
Magic restored.
You start resting.
HP restored.
You start waiting.
Done waiting.
You start waiting.
Done waiting.
There is a stone staircase leading down here.
You climb downwards.
Level annotation: Grinder Grinder hits you but does no damage.
Grinder gestures at you.
You struggle to resist.
There is a stone staircase leading up, spattered with blood here.
Grinder hits you.
You writhe in agony.
You climb upwards.
There is a stone staircase leading down here.
You hit Grinder.
Grinder is lightly wounded.
Grinder hits you.
You hit Grinder but do no damage.
Grinder is lightly wounded.
Grinder barely misses you.
You barely miss Grinder.
Grinder is lightly wounded.
You closely miss Grinder.
Grinder is lightly wounded.
Grinder hits you!
Ouch! That really hurt!
* * * LOW HITPOINT WARNING * * *
You writhe in agony.
You die...

####....#######........##.....#
##...###.........##############
...### #.#######.# ############
#### ###.# #..# #........(.#
######...# #.## #.)>.......#
.......### #.# #..........#
######## #.# #..........# ..#
###(####..........# ..#
##...@5............# ..#
###....####..........#
..########....### #..<.......#
...........#..# #####.######
......####...## #...# ......#
#.### #.### ......# #.# #.#
).....# #.# #.# #.##### #.#
##.#


You could see Grinder.

Vanquished Creatures
  A gnoll (D:1)
  3 worms
  A dart slug (D:1)
  An orc (D:2)
  8 ball pythons
  2 endoplasms
  5 goblins
  2 jackals (D:1)
  2 quokkas (D:2)
  4 bats
  A frilled lizard (D:2)
  3 kobolds (D:2)
  4 rats
37 creatures vanquished.

Notes
Turn   | Place    | Note
-------+----------+-------------------------------------------
     0 | D:1      | Groucho the Spriggan Warper began the quest for the Orb.
     0 | D:1      | Reached XP level 1. HP: 10/10 MP: 5/5
    70 | D:1      | Found Lody's General Store.
   518 | D:1      | Reached skill level 1 in Stealth
   664 | D:1      | Reached XP level 2. HP: 14/14 MP: 7/7
  1068 | D:1      | Learned a level 2 spell: Blink
  1071 | D:1      | Learned a level 2 spell: Lesser Beckoning
  1903 | D:2      | Reached XP level 3. HP: 18/18 MP: 8/8
  1907 | D:2      | Learned a level 3 spell: Teleport Other
  2813 | D:3      | Noticed Pargi
  3182 | D:3      | Noticed Grinder
  4829 | D:2      | Slain by Grinder

Illustrated notes

Levels and vault maps discovered:
D:1:      amcnicky_arrival_flooded_fountain, layout_basic, serial_shops, shop
D:2:      layout_rooms
D:3:      layout_rooms, ebering_dispersal_statue_hall, hangedman_decor_riveting,
          skrybe_limestone_x, uniq_pargi, uniq_grinder, uniq_natasha

Skill      XL: |  1  2  3 |
---------------+----------+-----
Stealth        | 1 2 |  2.4
Spellcasting   | 3 |  3.2
Fighting       | |  1.5
Short Blades   | |  2.7
Throwing       | |  1.0
Dodging        | |  3.8
Translocations | |  4.9
Air Magic      | |  0.4

Action                     || total
---------------------------++-------
  Melee: Short sword       ||   158
         Punch             ||     3
  Throw: Boomerang         ||     7
         Dart              ||    22
   Cast: Lesser Beckoning  ||     3
         Blink             ||     1
    Use: Potion            ||     2
   Stab: Sleeping          ||     5
         Distracted        ||     2
 Armour: Robe              ||    10
  Dodge: Dodged            ||   118
